 Dungeon Crawl Stone Soup version 0.21.1-1-g345015fe64 (webtiles) character file.

18676 JarielCorvus the Fighter (level 12, -29/80 HPs)
             Began as a Gargoyle Fighter on July 11, 2018.
             Was an Elder of Qazlal.
             Annihilated by a titanic slime creature (77 damage)
             ... on level 12 of the Dungeon.
             The game lasted 00:37:11 (12576 turns).

JarielCorvus the Fighter (Gargoyle Fighter)        Turns: 12576, Time: 00:37:11

Health: -29/80     AC: 22    Str: 31    XL:     12   Next: 61%
Magic:  16/16      EV:  6    Int: 10    God:    Qazlal [****..]
Gold:   749        SH: 30    Dex: 12    Spells: 11/11 levels left

rFire    . . .     SeeInvis .   z - +7 scimitar (chaos)
rCold    . . .     Gourm    .   O - +0 large shield
rNeg     + . .     Faith    .   i - +1 chain mail
rPois    ∞         Spirit   .   (helmet restricted)
rElec    +         Reflect  +   C - +0 cloak
rCorr    .         Harm     .   I - +0 pair of gloves
MR       .....                  (no boots)
Stlth    ..........             M - +5 amulet of reflection
HPRegen  0.23/turn              h - +6 ring of strength
MPRegen  0.15/turn              y - +4 ring of strength

@: repel missiles
A: antennae 1, deformed body, negative energy resistance 1, shaggy fur 1,
electricity resistance, unbreathing, petrification resistance, rot immunity, AC
+8
a: Upheaval, Elemental Force, Renounce Religion


You were on level 12 of the Dungeon.
You worshipped Qazlal.
Qazlal was greatly pleased with you.
You were not hungry.

You visited 2 branches of the dungeon, and saw 13 of its levels.

You collected 749 gold pieces.

Inventory:

Hand Weapons
 a - a +2 long sword
 v - a +0 shortbow
 z - a +7 scimitar of chaos (weapon)
 D - a +0 short sword of venom
Missiles
 o - 9 tomahawks (quivered)
 w - 223 arrows
Armour
 b - a +0 scale mail
 c - a +0 shield
 e - a +2 shield
 i - a +1 chain mail (worn)
 r - a +2 shield
 C - a +0 cloak (worn)
 G - a scarf of cloud immunity
 I - a +0 pair of gloves (worn)
 L - a +0 troll leather armour
 O - a +0 large shield (worn)
Jewellery
 h - a +6 ring of strength (left hand)
 j - an uncursed ring of positive energy
 y - a +4 ring of strength (right hand)
 K - a +3 ring of strength
 M - a +5 amulet of reflection (around neck)
Wands
 d - a wand of enslavement (8)
 p - a wand of polymorph (16)
 u - a wand of random effects (62)
 x - a wand of iceblast (4)
Scrolls
 k - 5 scrolls of teleportation
 s - 6 scrolls of remove curse
 t - 2 scrolls of amnesia
 J - a scroll of fear
 S - a scroll of identify
Potions
 g - 3 potions of flight
 l - 7 potions of curing
 m - a potion of mutation
 n - a potion of heal wounds
 q - a potion of berserk rage
 A - 2 potions of degeneration
 B - a potion of resistance
 H - 2 potions of brilliance
 N - a potion of magic
 P - a potion of might
 Q - a potion of invisibility {unknown}
 R - a potion of cancellation
Miscellaneous
 F - a box of beasts
Comestibles
 f - 27 rations


   Skills:
 - Level 11.5 Fighting
 * Level 8.7 Long Blades
 + Level 3.7 Bows
 - Level 11.5 Armour
 * Level 10.5 Shields
 * Level 6.0 Invocations


You had 11 spell levels left.
You didn't know any spells.

Dungeon Overview and Level Annotations

Branches:
Dungeon (12/15)            Temple (1/1) D:6            Lair (0/6) D:9
    Orc (0/2) D:10

Altars:
Ashenzari
Cheibriados
Dithmenos
Elyvilon
Fedhas
Gozag
Hepliaklqana
Kikubaaqudgha
Makhleb
Nemelex Xobeh
Okawaru
Qazlal
Ru
Sif Muna
Trog
Uskayaw
Vehumet
Wu Jian
Xom
Yredelemnul
Zin
The Shining One
Beogh


Innate Abilities, Weirdness & Mutations

You are resistant to torment.
Your stone body is resilient. (AC +8)
You are immune to poison.
You resist negative energy. (rN+)
You are resistant to electric shocks. (rElec)
You can survive without breathing.
You are immune to petrification.
You are immune to rotting.
You have a pair of small antennae on your head.
Armour fits poorly on your strangely shaped body.
You are covered in fur. (AC +1)


Message History

You hit the titanic slime creature.
Lightning courses through the titanic slime creature!
The titanic slime creature is moderately wounded.
The titanic slime creature seems less drained.
You slash the titanic slime creature!
Lightning courses through the titanic slime creature!
The titanic slime creature is moderately wounded.
The titanic slime creature closely misses you.
You riposte.
You slash the titanic slime creature! You burn the titanic slime creature.
The titanic slime creature is heavily wounded.
Your chain mail prevents you from hitting the titanic slime creature.
The titanic slime creature is heavily wounded.
The titanic slime creature hits you!!
You slash the titanic slime creature!
The titanic slime creature is heavily wounded.
The titanic slime creature hits you but does no damage.
The titanic slime creature hits you!!!!
Ouch! That really hurt!
You die...

..>.....# .# ######
........# #.# #.....
........# ##..# #.....
........# ##... #
###..... ........#
#..###... .'.....
.......>########......#
##.....
........'.........#####
#.....
........########.##
#..... ........# #@#
#####' ######### #J#
###.. .a# #...# #.##
#.### .. #####'### ...
#........ #.. #.....†))
#.. +.....).. #........


You could see a titanic slime creature and a worker ant.

Vanquished Creatures
  The ghost of Thargor the Warmonger, a journeyman GrFi of Okawaru (D:12)
  A centaur warrior (D:12)
  A death knight (D:11)
  3 two-headed ogres
  The ghost of Starbugs the Poker, a novice DsSk (D:8)
  The ghost of patthesweetcat the Arsonist, a novice OpFE of Vehumet (D:10)
  An unseen horror (D:10)
  A cyclops (D:12)
  An ugly thing (D:11)
  A centaur zombie (D:12)
  A centaur skeleton (D:11)
  A gargoyle (D:12)
  The ghost of flamingdaze the Firebug, a novice GnFE of Makhleb (D:5)
  A hornet (D:10)
  3 trolls
  3 hippogriffs
  A meliai zombie (D:11)
  A human (D:8)
  10 yaks
  A fire bat (shapeshifter) (D:9)
  A wyvern (D:9)
  3 hogs (D:8)
  A hungry ghost (D:11)
  A basilisk (D:12)
  4 vampire mosquitoes (D:12)
  2 water moccasins
  2 ice beasts
  An eye of draining (D:11)
  10 orc warriors
  4 sky beasts
  A black bear (D:11)
  A necrophage (D:5)
  7 ogres
  4 phantoms
  6 centaurs
  A gnoll sergeant (D:10)
  5 big kobolds
  The ghost of Holzbalken the Grasshopper, an amateur SpWr (D:4)
  6 bullfrogs
  3 scorpions
  6 killer bees (D:9)
  4 wights (D:8)
  6 howler monkeys
  4 crimson imps
  2 bullfrog skeletons
  A bullfrog zombie (D:7)
  8 hounds
  10 orc priests
  10 orc wizards
  An iguana (D:9)
  Natasha (thrice) (D:3)
  9 worker ants
  A hound skeleton (D:7)
  A worker ant zombie (D:6)
  6 gnolls
  7 adders
  A shadow imp (D:11)
  An adder skeleton (D:4)
  5 worms
  A dart slug (D:1)
  3 leopard geckos
  70 orcs
  6 giant cockroaches
  14 goblins
  10 hobgoblins
  3 jackals (D:2)
  30 kobolds
  3 quokkas
  3 ball pythons
  7 bats
  3 frilled lizards
  2 jackal skeletons
  3 rats
343 creatures vanquished.

Notes
Turn   | Place    | Note
-------+----------+-------------------------------------------
     0 | D:1      | JarielCorvus the Gargoyle Fighter began the quest for the Orb.
     0 | D:1      | Reached XP level 1. HP: 14/14 MP: 1/1
   116 | D:1      | Reached XP level 2. HP: 19/19 MP: 2/2
   464 | D:1      | Reached XP level 3. HP: 21/24 MP: 3/3
  1016 | D:2      | Reached XP level 4. HP: 29/29 MP: 4/4
  1206 | D:2      | Found a bloodstained altar of Trog.
  1264 | D:2      | Reached XP level 5. HP: 22/34 MP: 5/5
  1785 | D:3      | Noticed Natasha
  1789 | D:3      | Killed Natasha
  1821 | D:3      | Noticed Natasha
  1836 | D:3      | Killed Natasha
  2285 | D:3      | Noticed a phantom
  2325 | D:3      | Killed a phantom
  2325 | D:3      | Reached skill level 5 in Fighting
  2325 | D:3      | Reached skill level 5 in Armour
  2325 | D:3      | Reached XP level 6. HP: 37/40 MP: 6/6
  2345 | D:3      | Noticed Natasha
  2352 | D:3      | Killed Natasha
  2465 | D:4      | Found a shimmering altar of Xom.
  2642 | D:4      | Noticed Holzbalken's ghost (amateur SpWr)
  2701 | D:4      | Killed Holzbalken's ghost
  2701 | D:4      | Reached XP level 7. HP: 42/44 MP: 7/7
  3228 | D:5      | Entered Level 5 of the Dungeon
  3250 | D:5      | Reached skill level 5 in Shields
  3266 | D:5      | Reached XP level 8. HP: 39/52 MP: 8/8
  3547 | D:5      | Noticed flamingdaze's ghost (novice GnFE)
  3974 | D:5      | Killed flamingdaze's ghost
  5073 | D:6      | Found a staircase to the Ecumenical Temple.
  5522 | Temple   | Entered the Ecumenical Temple
  5532 | Temple   | Became a worshipper of Qazlal Stormbringer
  5892 | D:7      | Reached XP level 9. HP: 53/59 MP: 9/9
  6458 | D:7      | Found a bloodstained altar of Trog.
  6857 | D:7      | Gained mutation: Armour fits poorly on your strangely shaped body. [potion of mutation]
  6857 | D:7      | Gained mutation: You are covered in fur. (AC +1) [potion of mutation]
  6857 | D:7      | Gained mutation: You have a pair of small antennae on your head. [potion of mutation]
  7542 | D:8      | Noticed Starbugs's ghost (novice DsSk)
  7613 | D:8      | Killed Starbugs's ghost
  7613 | D:8      | Reached skill level 5 in Long Blades
  7858 | D:8      | Noticed a two-headed ogre
  7870 | D:8      | HP: 2/60 [two-headed ogre/giant club (13)]
  7873 | D:8      | Killed a two-headed ogre
  7873 | D:8      | Reached XP level 10. HP: 3/67 MP: 10/10
  8180 | D:8      | Noticed a two-headed ogre
  8203 | D:8      | Killed a two-headed ogre
  8211 | D:8      | Reached skill level 10 in Fighting
  8211 | D:8      | Reached skill level 10 in Armour
  8473 | D:8      | Reached * piety under Qazlal
  9306 | D:9      | Noticed a two-headed ogre
  9312 | D:9      | Killed a two-headed ogre
  9320 | D:9      | Reached XP level 11. HP: 41/73 MP: 11/11
  9344 | D:9      | Reached ** piety under Qazlal
  9640 | D:9      | Found a staircase to the Lair.
  9991 | D:10     | Entered Level 10 of the Dungeon
 10094 | D:10     | Found a roughly hewn altar of Beogh.
 10094 | D:10     | Found a staircase to the Orcish Mines.
 10717 | D:10     | Killed an unseen horror
 10732 | D:10     | Reached *** piety under Qazlal
 10895 | D:10     | Noticed patthesweetcat's ghost (novice OpFE)
 10910 | D:10     | Killed patthesweetcat's ghost
 11316 | D:11     | Noticed a death knight
 11329 | D:11     | Killed a death knight
 11329 | D:11     | Reached skill level 1 in Invocations
 11369 | D:11     | Reached skill level 1 in Bows
 11619 | D:11     | Noticed a cyan ugly thing
 11622 | D:11     | Killed a cyan ugly thing
 11679 | D:11     | Reached XP level 12. HP: 77/80 MP: 14/14
 11887 | D:11     | Reached **** piety under Qazlal
 12251 | D:12     | Reached skill level 10 in Shields
 12283 | D:12     | Noticed a centaur warrior
 12297 | D:12     | Killed a centaur warrior
 12297 | D:12     | Reached skill level 5 in Invocations
 12371 | D:12     | Noticed Thargor's ghost (journeyman GrFi)
 12396 | D:12     | Killed Thargor's ghost
 12576 | D:12     | Annihilated by a titanic slime creature

Skill      XL: |  1  2  3  4  5  6  7  8  9 10 11 12 |
---------------+-------------------------------------+-----
Long Blades    | 2 3 4 5 6 7 8 |  8.7
Fighting       | 4 5 6 7 9 10 11 | 11.5
Armour         | 4 5 6 7 9 10 11 | 11.5
Shields        | 4 5 7 8 9 10 | 10.5
Invocations    | 3 6 |  6.0
Bows           | 2 3 |  3.7

Action                   |  1- 3 |  4- 6 |  7- 9 | 10-12 || total
-------------------------+-------+-------+-------+-------++-------
Melee: Long sword        |    98 |   211 |   382 |    82 ||   773
       Short sword       |       |       |    21 |       ||    21
       Scimitar          |       |       |       |   598 ||   598
Evoke: Wand              |       |       |       |     1 ||     1
  Use: Scroll            |     3 |     8 |     8 |     9 ||    28
       Potion            |       |       |    16 |       ||    16
 Stab: Paralysed         |       |       |       |     4 ||     4
       Confused          |       |       |       |     3 ||     3
  Eat: Chunk             |       |     3 |     6 |     7 ||    16
       Ration            |       |     1 |     3 |     3 ||     7
Armor: Scale mail        |    61 |   103 |     6 |       ||   170
       Chain mail        |       |       |   212 |   213 ||   425
Dodge: Dodged            |    40 |    58 |    97 |    78 ||   273
Block: Shield            |    72 |   132 |   270 |   292 ||   766
       Large shield      |       |       |       |   397 ||   397
       Reflection        |       |       |       |    11 ||    11
       Rpst.: Long sword |    10 |    16 |    27 |     3 ||    56
       Scimitar          |       |       |       |    17 ||    17
